 Dungeon Crawl Stone Soup version 0.20.1-1-g8b1a95d (webtiles) character file.

4521 vatarom the Zephyrmancer (level 10, -9/77 HPs)
             Began as a Demonspawn Air Elementalist on Sept 22, 2017.
             Was an Initiate of Vehumet.
             Mangled by a two-headed ogre
             ... wielding a +0 giant club
              (34 damage)
             ... on level 8 of the Dungeon.
             The game lasted 00:32:57 (9066 turns).

vatarom the Zephyrmancer (DsAE)                     Turns: 9066, Time: 00:32:57

Health: -9/77      AC:  5    Str:  8    XL:     10   Next: 17%
Magic:  13/19      EV: 12    Int: 23    God:    Vehumet [......]
Gold:   406        SH:  0    Dex: 15    Spells: 6/21 levels left

rFire    . . .     SeeInvis +   r - +1 whip (elec)
rCold    + . .     Gourm    .   (no shield)
rNeg     . . .     Faith    .   C - +0 robe (curse)
rPois    .         Spirit   .   H - +0 hat
rElec    .         Reflect  .   (no cloak)
rCorr    .         Harm     +   e - +0 pair of gloves
MR       .....                  (boots unavailable)
Stlth    ++........             s - amulet of harm
Regen    0.3/turn               v - +4 ring of intelligence (curse)
MPRegen  0.2/turn               h - ring of see invisible

@: no status effects
A: claws 2, hooves 3, slimy green scales 1, cold resistance 1, spiny 1, freezing
cloud immunity
a: Renounce Religion


You were on level 8 of the Dungeon.
You worshipped Vehumet.
Vehumet was noncommittal.
You were not hungry.

You visited 2 branches of the dungeon, and saw 9 of its levels.

You collected 406 gold pieces.

Inventory:

Hand Weapons
 a - a +0 hunting sling
 r - a +1 whip of electrocution (weapon)
Missiles
 m - 260 stones (quivered)
 E - 13 sling bullets
Armour
 e - a +0 pair of gloves (worn)
 g - a +2 pair of boots
 C - a cursed +0 robe (worn)
 H - a +0 hat (worn)
Jewellery
 h - a ring of see invisible (right hand)
 i - an uncursed ring of protection from magic
 n - an uncursed ring of resist corrosion
 s - an amulet of harm (around neck)
 v - a cursed +4 ring of intelligence (left hand)
Wands
 k - a wand of acid (4/15)
 u - a wand of random effects (40/48)
 z - a wand of polymorph (7/24)
 D - a wand of lightning (5/15)
Scrolls
 j - 7 scrolls of remove curse
 o - a scroll of fog
 q - 6 scrolls of teleportation
 t - 2 scrolls of recharging
 x - 2 scrolls of identify
 y - 5 scrolls of immolation
 F - a scroll of magic mapping
 K - a scroll of enchant weapon
Potions
 d - 2 potions of heal wounds
 p - 2 potions of agility
 w - a potion of brilliance
 A - 2 potions of curing
 B - 2 potions of lignification
 I - a potion of might
 L - a potion of degeneration
Books
 l - a book of Air

   Spells                             Type                      Level
   a - Shock                          Conjuration/Air              1
   b - Swiftness                      Charms/Air                   2
   c - Static Discharge               Conjuration/Air              3
   d - Airstrike                      Air                          4
   e - Lightning Bolt                 Conjuration/Air              5
 G - a book of Maledictions

   Spells                             Type                      Level
   a - Corona                         Hexes                        1
   b - Ensorcelled Hibernation        Hexes/Ice                    2
   c - Confuse                        Hexes                        3
   d - Tukima's Dance                 Hexes                        3
   e - Dazzling Spray                 Conjuration/Hexes            3
Comestibles
 b - 3 meat rations
 c - 7 bread rations
 f - a royal jelly


   Skills:
 + Level 6.7 Fighting
 - Level 1.7 Dodging
 - Level 1.7 Stealth
 + Level 6.3 Spellcasting
 + Level 6.3 Conjurations
 * Level 9.2 Air Magic


You had 6 spell levels left.
You knew the following spells:

 Your Spells              Type           Power        Failure   Level  Hunger
a - Shock                 Conj/Air       ####         1%          1    None
b - Swiftness             Chrm/Air       ####....     1%          2    None
c - Static Discharge      Conj/Air       #####...     1%          3    #......
d - Airstrike             Air            ######....   1%          4    ###....
e - Lightning Bolt        Conj/Air       #####.....   9%          5    #####..


Dungeon Overview and Level Annotations

Branches:
Dungeon (8/15)             Temple (1/1) D:7            Lair (0/6) D:8

Altars:
Ashenzari
Cheibriados
Dithmenos
Elyvilon
Fedhas
Gozag
Hepliaklqana
Kikubaaqudgha
Makhleb
Nemelex Xobeh
Okawaru
Qazlal
Ru
Sif Muna
Trog
Uskayaw
Vehumet
Xom
Yredelemnul
Zin
The Shining One


Innate Abilities, Weirdness & Mutations

You have hooves in place of feet.
You are partially covered in slimy green scales. (AC +2)
Your flesh is cold resistant. (rC+)
You are partially covered in sharp spines.
You are immune to freezing clouds.
You have very sharp fingernails.


Message History

The two-headed ogre closely misses you. x2
There is a stone staircase leading up here.
You see here 4 poisoned needles.
Casting: Swiftness
Confirm with . or Enter, or press ? or * to list all spells.
The two-headed ogre is struck by lightning.
The two-headed ogre is moderately wounded.
The lightning arcs!
You are struck by lightning.
The lightning arcs!
The two-headed ogre is struck by lightning.
The two-headed ogre is heavily wounded.
The lightning grounds out.
The two-headed ogre barely misses you.
The two-headed ogre hits you with a giant club!
Casting: Static Discharge
Confirm with . or Enter, or press ? or * to list all spells.
The two-headed ogre is struck by lightning.
The two-headed ogre is heavily wounded.
The lightning grounds out.
The two-headed ogre is struck by your spines.
The two-headed ogre hits you with a giant club!! x2
You die...

##.......##
#.........#
#....#.........#
#..>.#....[....#
#....#.........#
#....#.......).#
#....#.........#
....#......(..#
#.#.#....)@...#
#.#......O....#
##.............# #
##...#.#.......##
###
#...##.##.....##
..###.#.##.####.###
P..#..#.##.# #.#
.....##.##.# #.##
.....##.##.# #..#


You could see a two-headed ogre.

Vanquished Creatures
  A two-headed ogre (D:8)
  Pikel (D:7)
  A hippogriff (D:8)
  Sigmund (D:3)
  A yak (D:8)
  A hungry ghost (D:7)
  A water moccasin (D:8)
  2 orc warriors (D:5)
  A slave (D:7)
  An ice beast (D:5)
  2 sky beasts
  A black bear (D:7)
  A phantom (D:6)
  4 ogres
  A centaur (D:6)
  A crocodile (D:8)
  3 bullfrogs
  A big kobold (D:7)
  2 scorpions (D:8)
  5 killer bees (D:7)
  A howler monkey (D:7)
  2 crimson imps
  A bullfrog zombie (D:5)
  A jelly (D:6)
  4 orc priests
  8 hounds
  3 centaur skeletons
  3 orc wizards
  3 worker ants
  A hound skeleton (D:4)
  2 gnolls (D:4)
  10 adders
  5 shadow imps
  An adder zombie (D:5)
  3 worms
  2 dart slugs
  4 leopard geckos
  17 orcs
  7 bats
  8 giant cockroaches
  5 goblins
  8 hobgoblins
  2 jackals (D:2)
  12 kobolds
  3 quokkas
  4 ball pythons (D:3)
  2 frilled lizards (D:2)
  A quokka zombie (D:8)
  8 rats
163 creatures vanquished.

Vanquished Creatures (others)
  An orc warrior (D:7)
  A jelly (D:7)
  A leopard gecko (D:7)
  2 plants (D:5)
5 creatures vanquished.

Grand Total: 168 creatures vanquished

Notes
Turn   | Place    | Note
-------+----------+-------------------------------------------
     0 | D:1      | vatarom the Demonspawn Air Elementalist began the quest for the Orb.
     0 | D:1      | Reached XP level 1. HP: 13/13 MP: 3/3
   338 | D:1      | Gained mutation: You are frail. (-10% HP) [potion of mutation]
   338 | D:1      | Gained mutation: Armour fits poorly on your strangely shaped body. [potion of mutation]
   338 | D:1      | Gained mutation: You have large cloven feet. [potion of mutation]
   561 | D:1      | Gained mutation: You are partially covered in sharp spines. [demonic ancestry]
   561 | D:1      | Reached XP level 2. HP: 11/18 MP: 0/5
   706 | D:2      | Reached skill level 3 in Air Magic
   979 | D:2      | Reached skill level 1 in Fighting
  1074 | D:2      | Reached XP level 3. HP: 19/23 MP: 0/6
  1766 | D:3      | Lost mutation: Armour fits poorly on your strangely shaped body. [potion of mutation]
  1766 | D:3      | Lost mutation: You have large cloven feet. [potion of mutation]
  1766 | D:3      | Lost mutation: You are frail. (-10% HP) [potion of mutation]
  1766 | D:3      | Gained mutation: You are frail. (-10% HP) [potion of mutation]
  1766 | D:3      | Gained mutation: You have sharp fingernails. [potion of mutation]
  1766 | D:3      | Gained mutation: You are agile. (Dex +2) [potion of mutation]
  1871 | D:3      | Learned a level 2 spell: Swiftness
  1957 | D:3      | Reached XP level 4. HP: 26/28 MP: 1/7
  1982 | D:3      | Learned a level 3 spell: Static Discharge
  2367 | D:3      | Lost mutation: You are agile. (Dex +2) [potion of mutation]
  2367 | D:3      | Lost mutation: You are frail. (-10% HP) [potion of mutation]
  2367 | D:3      | Gained mutation: You tend to lose your temper in combat. [potion of mutation]
  2367 | D:3      | Gained mutation: You have very sharp fingernails. [potion of mutation]
  2367 | D:3      | Gained mutation: You expend magic power (3 MP) to strengthen your wands. [potion of mutation]
  2367 | D:3      | Gained mutation: You evolve. [potion of mutation]
  2411 | D:3      | Noticed Sigmund
  2424 | D:3      | Killed Sigmund
  2424 | D:3      | Reached skill level 4 in Air Magic
  2424 | D:3      | Gained mutation: You have large cloven feet. [demonic ancestry]
  2424 | D:3      | Reached XP level 5. HP: 33/39 MP: 1/9
  2501 | D:3      | Learned a level 4 spell: Airstrike
  2524 | D:3      | Lost mutation: You expend magic power (3 MP) to strengthen your wands. [evolution]
  2711 | D:3      | Gained mutation: You have hoof-like feet. [demonic ancestry]
  2711 | D:3      | Reached XP level 6. HP: 46/46 MP: 10/10
  3397 | D:4      | Found an iron altar of Okawaru.
  3547 | D:5      | Entered Level 5 of the Dungeon
  3566 | D:5      | Noticed an ice beast
  3573 | D:5      | Killed an ice beast
  3573 | D:5      | Reached skill level 5 in Air Magic
  3814 | D:5      | Gained mutation: Your flesh is cold resistant. (rC+) [demonic ancestry]
  3814 | D:5      | Reached XP level 7. HP: 48/52 MP: 7/12
  4000 | D:5      | Found a transporter.
  4026 | D:5      | Found a transporter.
  4664 | D:5      | Lost mutation: You tend to lose your temper in combat. [evolution]
  4910 | D:5      | Reached skill level 6 in Air Magic
  4910 | D:5      | Gained mutation: You are partially covered in slimy green scales. (AC +2) [demonic ancestry]
  4910 | D:5      | Reached XP level 8. HP: 39/60 MP: 8/14
  5904 | D:7      | Reached skill level 5 in Fighting
  5962 | D:7      | Reached skill level 7 in Air Magic
  6127 | D:7      | Reached skill level 5 in Spellcasting
  6198 | D:7      | Learned a level 5 spell: Lightning Bolt
  6358 | D:7      | Noticed Pikel
  6375 | D:7      | Killed Pikel
  6375 | D:7      | Reached skill level 5 in Conjurations
  6375 | D:7      | Gained mutation: You have hooves in place of feet. [demonic ancestry]
  6375 | D:7      | Reached XP level 9. HP: 65/68 MP: 12/17
  6654 | D:7      | Found a staircase to the Ecumenical Temple.
  6661 | Temple   | Entered the Ecumenical Temple
  6779 | Temple   | Became a worshipper of Vehumet
  6856 | D:7      | Reached skill level 8 in Air Magic
  7059 | D:6      | Lost mutation: You evolve. [evolution]
  8112 | D:8      | Found a staircase to the Lair.
  8112 | D:8      | Noticed a two-headed ogre
  8131 | D:8      | Killed a two-headed ogre
  8410 | D:7      | Reached skill level 9 in Air Magic
  8466 | D:8      | Gained mutation: You are immune to freezing clouds. [demonic ancestry]
  8466 | D:8      | Reached XP level 10. HP: 77/77 MP: 15/19
  8738 | D:8      | Noticed a two-headed ogre
  9066 | D:8      | Mangled by a two-headed ogre

Skill      XL: |  1  2  3  4  5  6  7  8  9 |
---------------+----------------------------+-----
Air Magic      | 3 4 5 6 7 9 |  9.2
Fighting       | 1 2 3 4 5 6 |  6.7
Spellcasting   | 3 4 5 6 |  6.3
Conjurations   | 2 3 5 6 |  6.3
Dodging        | |  1.7
Stealth        | |  1.7

Action                   |  1- 3 |  4- 6 |  7- 9 | 10-12 || total
-------------------------+-------+-------+-------+-------++-------
Melee: Unarmed           |    26 |       |       |       ||    26
       Dagger            |    25 |     6 |       |       ||    31
       Whip              |       |    35 |    32 |     6 ||    73
       Kick              |       |       |     2 |     2 ||     4
 Fire: Hunting sling     |    26 |       |       |       ||    26
 Cast: Shock             |    60 |    37 |   112 |    15 ||   224
       Static Discharge  |       |     4 |    24 |     6 ||    34
       Airstrike         |       |     1 |    29 |     6 ||    36
       Lightning Bolt    |       |       |     4 |     1 ||     5
       Swiftness         |       |       |     2 |     1 ||     3
Evoke: Wand              |       |       |     3 |       ||     3
  Use: Potion            |     7 |     1 |     3 |       ||    11
       Scroll            |     7 |       |     7 |       ||    14
 Stab: Sleeping          |     2 |     3 |     2 |       ||     7
       Distracted        |       |     1 |       |       ||     1
  Eat: Chunk             |     4 |     4 |     6 |       ||    14
       Royal jelly       |       |     1 |     2 |       ||     3
       Meat ration       |       |       |     2 |       ||     2
       Bread ration      |       |       |     1 |       ||     1
Armor: Robe              |    11 |    10 |    13 |     2 ||    36
Dodge: Dodged            |    36 |    35 |    51 |    10 ||   132
